AZL
ARIZONA (AZL) DIAMONDBACKS @ CHICAGO N (AZL) CUBS
08/13/2098
 
TOP OF THE 1ST
Arizona (AZL) Diamondbacks batting - Pitching for Chicago N (AZL) Cubs : LHP Lee Clark
Pitching: LHP Lee Clark
Batting: LHB Richard Alvarado 0-0: Swinging Strike
0-1: Foul Ball, location: 2RF
0-2: Ball
1-2: Strikes out swinging
Batting: RHB Rafael Rivera 0-0: Foul Ball, location: 2F
0-1: Swinging Strike
0-2: Foul Ball, location: 5DF
0-2: Strikes out swinging
Batting: RHB Nate Van Diepen 0-0: Ball
1-0: Ball
2-0: Fly out, F7 (Flyball, 78M, EV 75.0 MPH)
Top of the 1st over - 0 runs, 0 hits, 0 errors, 0 left on base; Arizona (AZL) 0 - Chicago N (AZL) 0
BOTTOM OF THE 1ST
Chicago N (AZL) Cubs batting - Pitching for Arizona (AZL) Diamondbacks : RHP Brian Day
Pitching: RHP Brian Day
Batting: RHB Rich Allore 0-0: Called Strike
0-1: SINGLE (Groundball, 15S, EV 75.0 MPH) (infield hit)
Batting: RHB Jon Nunez 0-0: Ball
1-0: Foul Ball, location: 5SF
1-1: Ball
2-1: Fly out, F4 (Popup, 34, EV 61.3 MPH)
Batting: RHB Matt Judkins 0-0: Called Strike
Rich Allore steals 2nd base
0-1: Swinging Strike
0-2: Strikes out swinging
Batting: RHB Danny Morales 0-0: Ball
1-0: Ball
2-0: Swinging Strike
2-1: Ball
3-1: Called Strike
3-2: Strikes out swinging
Bottom of the 1st over - 0 runs, 1 hit, 0 errors, 1 left on base; Arizona (AZL) 0 - Chicago N (AZL) 0
TOP OF THE 2ND
Arizona (AZL) Diamondbacks batting - Pitching for Chicago N (AZL) Cubs : LHP Lee Clark
Batting: RHB Sam Eide 0-0: Called Strike
0-1: Ground out 4-3 (Groundball, 4, EV 87.5 MPH)
Batting: LHB Jose Guerrero 0-0: Ground out 4-3 (Groundball, 4, EV 103.1 MPH)
Batting: RHB Matt Lancaster 0-0: DOUBLE (Line Drive, 78M, EV 108.1 MPH)
Batting: RHB Josh McGarry 0-0: Ball
1-0: Fly out, F3 (Popup, 3F, EV 78.1 MPH)
Top of the 2nd over - 0 runs, 1 hit, 0 errors, 1 left on base; Arizona (AZL) 0 - Chicago N (AZL) 0
BOTTOM OF THE 2ND
Chicago N (AZL) Cubs batting - Pitching for Arizona (AZL) Diamondbacks : RHP Brian Day
Batting: RHB Jake Allen 0-0: Called Strike
0-1: Ground out 5-3 (Groundball, 56S, EV 84.4 MPH)
Batting: RHB Vanni Soranzo 0-0: Ball
1-0: Ball
2-0: Called Strike
2-1: Ball
3-1: Swinging Strike
3-2: SINGLE (Line Drive, 56D, EV 98.1 MPH)
Batting: RHB Felipe Fernandez 0-0: Ball
1-0: Foul Ball, location: 2LF
1-1: Foul Ball, location: 9LSF
1-2: Strikes out looking
Batting: LHB Jonathan Duron 0-0: Called Strike
0-1: Ball
1-1: Foul Ball, location: 9LMF
1-2: Fielders Choice at 2nd, 6-4 (Groundball, 6, EV 88.8 MPH)
Bottom of the 2nd over - 0 runs, 1 hit, 0 errors, 1 left on base; Arizona (AZL) 0 - Chicago N (AZL) 0
TOP OF THE 3RD
Arizona (AZL) Diamondbacks batting - Pitching for Chicago N (AZL) Cubs : LHP Lee Clark
Batting: RHB Emilio Cardenas 0-0: Ball
1-0: Foul Ball, location: 3FF
1-1: Ball
2-1: Ground out 6-3 (Groundball, 6, EV 77.5 MPH)
Batting: RHB Ramon Naba 0-0: Foul Ball, location: 2F
0-1: Fly out, F7 (Flyball, 7, EV 85.0 MPH)
Batting: LHB Richard Alvarado 0-0: Ball
1-0: Swinging Strike
1-1: Ball
2-1: Called Strike
2-2: Strikes out swinging
Top of the 3rd over - 0 runs, 0 hits, 0 errors, 0 left on base; Arizona (AZL) 0 - Chicago N (AZL) 0
BOTTOM OF THE 3RD
Chicago N (AZL) Cubs batting - Pitching for Arizona (AZL) Diamondbacks : RHP Brian Day
Batting: LHB Orlando Valadez 0-0: Foul Ball, location: 2F
0-1: Ball
1-1: Ball
2-1: Ball
3-1: Foul Ball, location: 2F
3-2: Strikes out swinging
Batting: RHB Rich Allore 0-0: Swinging Strike
0-1: Ball
1-1: Foul Ball, location: 3F
1-2: Ground out 6-3 (Groundball, P, EV 88.8 MPH)
Batting: RHB Jon Nunez 0-0: Ball
1-0: Called Strike
1-1: Fly out, F7 (Flyball, 7D, EV 104.4 MPH)
Bottom of the 3rd over - 0 runs, 0 hits, 0 errors, 0 left on base; Arizona (AZL) 0 - Chicago N (AZL) 0
TOP OF THE 4TH
Arizona (AZL) Diamondbacks batting - Pitching for Chicago N (AZL) Cubs : LHP Lee Clark
Batting: RHB Rafael Rivera 0-0: Ball
1-0: Ground out 5-3 (Groundball, 5, EV 92.5 MPH)
Batting: RHB Nate Van Diepen 0-0: SINGLE (Groundball, 6D, EV 103.1 MPH)
Batting: RHB Sam Eide 0-0: Ball
1-0: Called Strike
1-1: SINGLE (Line Drive, 89S, EV 88.8 MPH)
Nate Van Diepen to second
Batting: LHB Jose Guerrero 0-0: Fielders Choice at 2nd, 3-6 (Groundball, 3, EV 88.1 MPH)
Nate Van Diepen to third
Batting: RHB Matt Lancaster 0-0: Called Strike
0-1: Called Strike
0-2: Ball
1-2: Ball
2-2: Ball
3-2: Strikes out looking
Top of the 4th over - 0 runs, 2 hits, 0 errors, 2 left on base; Arizona (AZL) 0 - Chicago N (AZL) 0
BOTTOM OF THE 4TH
Chicago N (AZL) Cubs batting - Pitching for Arizona (AZL) Diamondbacks : RHP Brian Day
Batting: RHB Matt Judkins 0-0: Called Strike
0-1: Called Strike
0-2: SINGLE (Groundball, 34D, EV 97.5 MPH)
Batting: RHB Danny Morales 0-0: Foul Ball, location: 2F
0-1: Ball
1-1: DOUBLE (Line Drive, 9LM, EV 110.6 MPH)
Matt Judkins to third
Batting: RHB Jake Allen 0-0: Ball
1-0: Ball
Wild Pitch!
Matt Judkins scores
Danny Morales to third
2-0: Foul Ball, location: 2F
2-1: Foul Ball, location: 3F
2-2: Foul Ball, location: 9LSFF
2-2: Ground out 4-3 (Groundball, 4S, EV 71.9 MPH)
Danny Morales scores
Batting: RHB Vanni Soranzo 0-0: Ball
1-0: Ball
2-0: Ball
3-0: Base on Balls
Batting: RHB Felipe Fernandez 0-0: Called Strike
Vanni Soranzo is caught stealing 2nd base 2-4
0-1: Called Strike
0-2: Foul Ball, location: 2LF
0-2: Ball
1-2: Ball
2-2: Ball
3-2: Strikes out swinging
Bottom of the 4th over - 2 runs, 2 hits, 0 errors, 0 left on base; Arizona (AZL) 0 - Chicago N (AZL) 2
TOP OF THE 5TH
Arizona (AZL) Diamondbacks batting - Pitching for Chicago N (AZL) Cubs : LHP Lee Clark
Pitching: RHP Sergio Ruiz
Batting: RHB Josh McGarry 0-0: Called Strike
0-1: Swinging Strike
0-2: Strikes out swinging, 2-3 out at first.
Batting: RHB Emilio Cardenas 0-0: Ball
1-0: Fly out, F9 (Flyball, 9D, EV 106.9 MPH)
Batting: RHB Ramon Naba 0-0: Swinging Strike
0-1: Ball
1-1: Foul Ball, location: 2F
1-2: Strikes out looking
Top of the 5th over - 0 runs, 0 hits, 0 errors, 0 left on base; Arizona (AZL) 0 - Chicago N (AZL) 2
BOTTOM OF THE 5TH
Chicago N (AZL) Cubs batting - Pitching for Arizona (AZL) Diamondbacks : RHP Brian Day
Batting: LHB Jonathan Duron 0-0: Ball
1-0: TRIPLE (Line Drive, 78XD, EV 101.9 MPH)
Batting: LHB Orlando Valadez 0-0: Called Strike
0-1: Foul Ball, location: 2F
0-2: Ball
1-2: Ball
2-2: Foul Ball, location: 7LSF
2-2: Strikes out swinging
Batting: RHB Rich Allore 0-0: Ball
1-0: Ball
2-0: TRIPLE (Line Drive, 8LXD, EV 108.8 MPH)
Jonathan Duron scores
Batting: RHB Jon Nunez 0-0: Called Strike
0-1: Ball
1-1: Swinging Strike
1-2: Ball
2-2: Foul Ball, location: 9LMF
2-2: Ball
3-2: Strikes out swinging
Batting: RHB Matt Judkins 0-0: Ball
1-0: Ball
2-0: Called Strike
2-1: Ball
3-1: Base on Balls
Pitching: RHP Jon Jones
Batting: RHB Danny Morales 0-0: Called Strike
0-1: Swinging Strike
0-2: Ball
1-2: Ball
2-2: Strikes out swinging
Bottom of the 5th over - 1 run, 2 hits, 0 errors, 2 left on base; Arizona (AZL) 0 - Chicago N (AZL) 3
TOP OF THE 6TH
Arizona (AZL) Diamondbacks batting - Pitching for Chicago N (AZL) Cubs : RHP Sergio Ruiz
Batting: LHB Richard Alvarado 0-0: Called Strike
0-1: Swinging Strike
0-2: Strikes out swinging
Batting: RHB Rafael Rivera 0-0: Foul Ball, location: 2LF
0-1: Ball
1-1: Ball
2-1: SINGLE (Groundball, 6MD, EV 95.0 MPH)
Batting: RHB Nate Van Diepen 0-0: Ball
1-0: Foul Ball, location: 5FF
1-1: Ball
2-1: Foul Ball, location: 2F
2-2: Ball
3-2: Foul Ball, location: 3FF
3-2: Strikes out swinging
Batting: RHB Sam Eide 0-0: Called Strike
0-1: Foul Ball, location: 2F
0-2: Ball
1-2: Ball
Wild Pitch!
Rafael Rivera to second
2-2: Fly out, F4 (Flyball, 34D, EV 91.3 MPH)
Top of the 6th over - 0 runs, 1 hit, 0 errors, 1 left on base; Arizona (AZL) 0 - Chicago N (AZL) 3
BOTTOM OF THE 6TH
Chicago N (AZL) Cubs batting - Pitching for Arizona (AZL) Diamondbacks : RHP Jon Jones
Batting: RHB Jake Allen 0-0: Ball
1-0: Foul Ball, location: 5FF
1-1: Foul Ball, location: 9LDF
1-2: Ball
2-2: Ball
3-2: Foul Ball, location: 2F
3-2: Foul Ball, location: 9LDF
3-2: Base on Balls
Batting: RHB Vanni Soranzo 0-0: Ball
1-0: Fielders Choice at 2nd, 5-4 (Groundball, 56, EV 86.9 MPH)
Batting: RHB Felipe Fernandez 0-0: Ball
1-0: Ball
2-0: Fly out, F8 (Line Drive, 8RM, EV 95.6 MPH)
Batting: LHB Jonathan Duron 0-0: Called Strike
Vanni Soranzo steals 2nd base
0-1: Called Strike
0-2: Strikes out swinging, 2-3 out at first.
Bottom of the 6th over - 0 runs, 0 hits, 0 errors, 1 left on base; Arizona (AZL) 0 - Chicago N (AZL) 3
TOP OF THE 7TH
Arizona (AZL) Diamondbacks batting - Pitching for Chicago N (AZL) Cubs : RHP Sergio Ruiz
Pitching: LHP Matt Reilly
Batting: LHB Jose Guerrero 0-0: Ball
1-0: Ball
2-0: Foul Ball, location: 25FF
2-1: Foul Ball, location: 7LDF
2-2: Ball
3-2: Base on Balls
Batting: RHB Matt Lancaster 0-0: Ball
1-0: Ball
2-0: Called Strike
2-1: Fielders Choice at 2nd, 6-4 (Groundball, 6MS, EV 87.5 MPH)
Batting: RHB Josh McGarry 0-0: Foul Ball, location: 9LDF
0-1: Called Strike
0-2: Ball
1-2: Strikes out swinging
Batting: RHB Emilio Cardenas 0-0: Called Strike
0-1: Ball
1-1: Fly out, F7 (Flyball, 7S, EV 84.4 MPH)
Top of the 7th over - 0 runs, 0 hits, 0 errors, 1 left on base; Arizona (AZL) 0 - Chicago N (AZL) 3
BOTTOM OF THE 7TH
Chicago N (AZL) Cubs batting - Pitching for Arizona (AZL) Diamondbacks : RHP Jon Jones
Batting: LHB Orlando Valadez 0-0: Foul Ball, location: 2F
0-1: Swinging Strike
0-2: Strikes out swinging
Batting: RHB Rich Allore 0-0: Ball
1-0: Foul Ball, location: 3F
1-1: Ball
2-1: Ball
3-1: Fly out, F3 (Popup, 3D, EV 68.8 MPH)
Batting: RHB Jon Nunez 0-0: Ball
1-0: Foul Ball, location: 25F
1-1: Swinging Strike
1-2: Foul Ball, location: 7LSFF
1-2: Foul Ball, location: 3DF
1-2: Strikes out swinging
Bottom of the 7th over - 0 runs, 0 hits, 0 errors, 0 left on base; Arizona (AZL) 0 - Chicago N (AZL) 3
TOP OF THE 8TH
Arizona (AZL) Diamondbacks batting - Pitching for Chicago N (AZL) Cubs : LHP Matt Reilly
Pitching: LHP Steve Worley
Batting: RHB Ramon Naba 0-0: Ball
1-0: SINGLE (Line Drive, 89S, EV 93.8 MPH)
Pinch Hitting: RHB Adam Perry 0-0: Ball
1-0: Fly out, F6 (Popup, 6S, EV 80.6 MPH)
Batting: RHB Rafael Rivera 0-0: Ball
Wild Pitch!
Ramon Naba to second
1-0: Called Strike
1-1: Foul Ball, location: 23FF
1-2: Foul Ball, location: 2F
1-2: Ball
2-2: Foul Ball, location: 3SF
2-2: Foul Ball, location: 3F
2-2: Strikes out swinging
Batting: RHB Nate Van Diepen 0-0: Swinging Strike
0-1: Swinging Strike
0-2: Strikes out looking
Top of the 8th over - 0 runs, 1 hit, 0 errors, 1 left on base; Arizona (AZL) 0 - Chicago N (AZL) 3
BOTTOM OF THE 8TH
Chicago N (AZL) Cubs batting - Pitching for Arizona (AZL) Diamondbacks : RHP Jon Jones
Pitching: RHP John Mork
Now in CF: John Stringfellow
Batting: RHB Matt Judkins 0-0: Called Strike
0-1: SINGLE (Line Drive, 4MD, EV 97.5 MPH)
Batting: RHB Danny Morales 0-0: Called Strike
0-1: Ball
1-1: Ball
2-1: Called Strike
2-2: Ball
3-2: Fly out, F8 (Flyball, 89XD, EV 85.0 MPH)
Batting: RHB Jake Allen 0-0: Ball
1-0: Called Strike
1-1: Ball
2-1: Ball
3-1: Swinging Strike
3-2: Strikes out swinging
Batting: RHB Vanni Soranzo 0-0: Ball
1-0: SINGLE (Flyball, 6D, EV 89.4 MPH)
Matt Judkins to second
Pinch Hitting: LHB Mike Owens 0-0: Called Strike
0-1: Ball
1-1: Ground out 4-3 (Groundball, 4S, EV 75.0 MPH)
Bottom of the 8th over - 0 runs, 2 hits, 0 errors, 2 left on base; Arizona (AZL) 0 - Chicago N (AZL) 3
TOP OF THE 9TH
Arizona (AZL) Diamondbacks batting - Pitching for Chicago N (AZL) Cubs : LHP Steve Worley
Now in LF: Mike Owens
Batting: RHB Sam Eide 0-0: Foul Ball, location: 2F
0-1: Called Strike
0-2: Ball
1-2: SINGLE (Line Drive, 78M, EV 88.8 MPH)
Pinch Hitting: RHB Jeremy Ballesteros 0-0: Called Strike
0-1: Foul Ball, location: 9LSF
0-2: Ball
1-2: Ball
2-2: Ball
3-2: Base on Balls
Sam Eide to second
Pinch Hitting: LHB Luis Alvarez 0-0: Ball
1-0: 3-RUN HOME RUN (Flyball, 9LD, EV 95.6 MPH), Distance : 364 ft
Pinch Hitting: SHB Danny Mauricio 0-0: Swinging Strike
0-1: Ball
1-1: Foul Ball, location: 2LF
1-2: Foul Ball, location: 9LDF
1-2: SINGLE (Groundball, 4MD, EV 100.6 MPH)
Pinch Hitting: RHB John Mesenbrink 0-0: SINGLE (Groundball, 34D, EV 95.0 MPH)
Danny Mauricio to second
Runner from 2nd tries for 3rd, SAFE, throw by RF made to third
Batting: RHB Jim Henry 0-0: Swinging Strike
0-1: Ball
1-1: Fly out, F8 (Flyball, 8RM, EV 95.0 MPH)
Runner from 3rd tags up, OUT at HOME! 8-2
John Mesenbrink to second
Batting: RHB John Stringfellow 0-0: Intentional Walk
Pitching: RHP Alex Leon
Pinch Hitting: LHB David Ocheltree 0-0: Called Strike
0-1: Ball
1-1: Ball
2-1: Foul Ball, location: 2F
2-2: Ball
3-2: DOUBLE (Line Drive, 89M, EV 91.3 MPH)
John Mesenbrink scores
John Stringfellow to third
John Stringfellow scores
Batting: RHB Nate Van Diepen 0-0: Ground out 5-3 (Groundball, 56, EV 105.0 MPH)
Top of the 9th over - 5 runs, 5 hits, 0 errors, 1 left on base; Arizona (AZL) 5 - Chicago N (AZL) 3
BOTTOM OF THE 9TH
Chicago N (AZL) Cubs batting - Pitching for Arizona (AZL) Diamondbacks : RHP John Mork
Now at 1B: Ricky Cortez
Now at 2B: Juan Molina
Now at SS: Hugo Chourio
Now in LF: John Stringfellow
Now in CF: Mike Hunter
Now in RF: Justin Force
Pinch Hitting: RHB Mike Hubbard 0-0: Ball
1-0: SINGLE (Flyball, 8LS, EV 84.4 MPH)
Pinch Hitting: RHB Juan Lopez 0-0: Ball
1-0: Swinging Strike
1-1: Ball
2-1: Ball
3-1: Foul Ball, location: 5FF
3-2: Fly out, F9 (Flyball, 9D, EV 101.9 MPH)
Pinch Hitting: LHB Bobby Sandoval 0-0: Ball
1-0: Ball
2-0: Ball
3-0: Called Strike
3-1: Foul Ball, location: 23FF
3-2: Fly out, F8 (Flyball, 8LM, EV 90.0 MPH)
Pinch Hitting: LHB Kevin Whitcomb 0-0: DOUBLE (Line Drive, 7LS, EV 106.9 MPH)
Mike Hubbard to third
Batting: RHB Matt Judkins 0-0: Ball
1-0: Called Strike
1-1: Foul Ball, location: 25FF
1-2: Ball
2-2: Fly out, F7 (Flyball, 78M, EV 83.1 MPH)
Bottom of the 9th over - 0 runs, 2 hits, 0 errors, 2 left on base; Arizona (AZL) 5 - Chicago N (AZL) 3
Friday, April 12th , 2024 - OOTP Baseball 24.11 Build 85